 Dungeon Crawl Stone Soup version 0.20.1-1-g8b1a95d (webtiles) character file.

198 TheGuigne the Chopper (level 5, -3/45 HPs)
             Began as a Hill Orc Fighter on Aug 17, 2017.
             Slain by a wight
             ... wielding a +5 flail
              (9 damage)
             ... on level 3 of the Dungeon.
             The game lasted 00:06:02 (1645 turns).

TheGuigne the Chopper (Hill Orc Fighter)            Turns: 1645, Time: 00:06:03

Health: -3/45      AC:  7    Str: 19    XL:     5   Next: 77%
Magic:  5/5        EV:  7    Int:  9    God:
Gold:   154        SH:  8    Dex: 10    Spells: 4/4 levels left

rFire    . . .     SeeInvis .   a - +0 war axe
rCold    . . .     Gourm    .   c - +0 shield
rNeg     . . .     Faith    .   b - +0 scale mail
rPois    .         Spirit   .   u - +0 helmet
rElec    .         Reflect  .   (no cloak)
rCorr    .         Harm     .   (no gloves)
MR       .....                  (no boots)
Stlth    ..........             (no amulet)
Regen    0.2/turn               (no ring)
MPRegen  0.1/turn               (no ring)

@: drained
A: no striking features
a: no special abilities


You were on level 3 of the Dungeon.
You were not hungry.

You visited 1 branch of the dungeon, and saw 3 of its levels.

You collected 154 gold pieces.

Inventory:

Hand Weapons
 a - a +0 war axe (weapon)
 i - a +0 whip
Missiles
 q - 31 poisoned needles
 w - 3 curare-tipped needles
Armour
 b - a +0 scale mail (worn)
 c - a +0 shield (worn)
 u - a +0 helmet (worn)
Scrolls
 e - 3 scrolls of enchant weapon {unknown}
 h - 2 scrolls of recharging {unknown}
 j - 3 scrolls of identify {unknown}
 p - a scroll of remove curse {unknown}
 s - 4 scrolls of enchant armour {unknown}
 x - a scroll of magic mapping {unknown}
Potions
 d - a potion of might
 l - 2 potions of curing
 m - a potion of brilliance {unknown}
 n - 2 potions of heal wounds {unknown}
 o - a potion of haste {unknown}
 r - 2 potions of lignification {unknown}
 t - a potion of degeneration {unknown}
 v - a potion of flight {unknown}
Comestibles
 f - 2 bread rations
 k - a meat ration


   Skills:
 - Level 3.6(2.5) Fighting
 + Level 7.7(6.5) Axes
 - Level 3.2(2.2) Armour
 - Level 3.2(2.2) Shields


You had 4 spell levels left.
You didn't know any spells.

Dungeon Overview and Level Annotations

Branches:
Dungeon (3/15)

Altars:
Hepliaklqana


Message History

You slash the wight!
The wight is almost destroyed.
You hit the wight but do no damage. You closely miss the wight.
The wight hits you with an enchanted hand axe.
You feel drained. The wight barely misses you.
The wight hits you with an enchanted flail!
* * * LOW HITPOINT WARNING * * *
It was a potion of curing.
You feel better. The wight hits you but does no damage.
You block the wight's attack.
You hit the wight.
You destroy the wight!
You hit the wight. x2; You block the wight's attack.
The wight hits you with a falchion of freezing.
* * * LOW HITPOINT WARNING * * *
You feel drained.
* * * LOW HITPOINT WARNING * * *
The wight freezes you.
* * * LOW HITPOINT WARNING * * *
The wight hits you with an enchanted flail!
You die...

#########
......z@#
......z).......
###?...........
#............
#............
...#####+#####
.#.. ##


You could see 2 wights.

Vanquished Creatures
  2 wights (D:3)
  Robin (D:2)
  An adder (D:2)
  3 gnolls (D:2)
  3 dart slugs (D:1)
  A ball python (D:1)
  3 giant cockroaches
  5 hobgoblins
  2 jackals (D:1)
  A quokka (D:2)
  6 bats
  5 frilled lizards
  16 goblins
  8 kobolds
  7 rats
64 creatures vanquished.

Notes
Turn   | Place    | Note
-------+----------+-------------------------------------------
     0 | D:1      | TheGuigne the Hill Orc Fighter began the quest for the Orb.
     0 | D:1      | Reached XP level 1. HP: 19/19 MP: 1/1
    41 | D:1      | Reached skill level 3 in Axes
    98 | D:1      | Reached XP level 2. HP: 16/26 MP: 2/2
   375 | D:1      | Reached skill level 4 in Axes
   496 | D:1      | Reached XP level 3. HP: 30/31 MP: 3/3
   851 | D:2      | Noticed Robin
   873 | D:2      | Reached skill level 5 in Axes
   882 | D:2      | Killed Robin
   905 | D:2      | Reached XP level 4. HP: 24/39 MP: 4/4
  1162 | D:2      | Reached skill level 6 in Axes
  1535 | D:2      | Found a hazy altar of Hepliaklqana.
  1638 | D:3      | Reached skill level 7 in Axes
  1638 | D:3      | Reached XP level 5. HP: 45/45 MP: 5/5
  1645 | D:3      | Slain by a wight

Skill      XL: |  1  2  3  4 |
---------------+-------------+-----
Axes           | 3 4 5 7 |  7.7
Fighting       | |  3.6
Armour         | |  3.2
Shields        | |  3.2

Action                   |  1- 3 |  4- 6 || total
-------------------------+-------+-------++-------
Melee: War axe           |    84 |    67 ||   151
  Use: Potion            |       |     1 ||     1
  Eat: Chunk             |       |     3 ||     3
Armor: Scale mail        |    31 |    36 ||    67
Dodge: Dodged            |    23 |    28 ||    51
Block: Shield            |    35 |    47 ||    82
